 Dungeon Crawl Stone Soup version 0.31-a0-532-g28f74ba3e5 (webtiles) character file.

Game seed: 4549463897372063627

213 duskshroud the Chopper (level 5, -1/48 HPs)
             Began as a Minotaur Berserker on Aug 12, 2023.
             Was a Believer of Trog.
             Slain by a gnoll
             ... wielding a +0 halberd
              (7 damage)
             ... on level 4 of the Dungeon.
             The game lasted 00:04:15 (1688 turns).

duskshroud the Chopper (Minotaur Berserker)         Turns: 1688, Time: 00:04:16

Health: -1/48      AC:  5    Str: 22    XL:     5   Next: 59%
Magic:  4/4        EV: 11    Int:  4    God:    Trog [**....]
Gold:   98         SH:  0    Dex: 17    Spells: 4/4 levels left

rFire   . . .        v - +0 war axe
rCold   . . .        (no shield)
rNeg    . . .        f - +0 ring mail
rPois   .            (helmet restricted)
rElec   .            (no cloak)
rCorr   .            (no gloves)
SInv    .            (no boots)
Will    .....        (no amulet)
Stlth   +            r - +6 ring of dexterity
HPRegen 0.28/turn    (no ring)
MPRegen 0.09/turn

%: no passive effects
@: no status effects
A: horns 2, retaliatory headbutt
a: Renounce Religion, Berserk, Trog's Hand


You were on level 4 of the Dungeon.
You worshipped Trog.
Trog was pleased with you.
You visited 1 branch of the dungeon, and saw 4 of its levels.

You collected 170 gold pieces.
You spent 72 gold pieces at shops.

Inventory:

Hand Weapons
 v - a +0 war axe (weapon)
Missiles
 l - 3 atropa-tipped darts
Armour
 f - a +0 ring mail (worn)
Jewellery
 r - a +6 ring of dexterity (left hand)
Scrolls
 b - 2 scrolls of enchant weapon {unknown}
 c - a scroll of noise {unknown}
 g - 4 scrolls of teleportation
 i - a scroll of enchant armour {unknown}
 j - 2 scrolls of identify {unknown}
 k - a scroll of fear {unknown}
 n - a scroll of fog {unknown}
 p - a scroll of immolation {unknown}
 s - 2 scrolls of blinking {unknown}
 u - a scroll of summoning {unknown}
Potions
 d - a potion of berserk rage {unknown}
 e - a potion of attraction {unknown}
 h - a potion of resistance {unknown}
 m - 2 potions of brilliance {unknown}
 o - a potion of degeneration {unknown}
 q - 2 potions of enlightenment {unknown}
 t - a potion of curing {unknown}


   Skills:
 + Level 5.3 Fighting
 * Level 6.5 Axes
 - Level 2.4 Armour
 - Level 2.1 Dodging


You had 4 spell levels left.
You didn't know any spells.
Your spell library was empty.

Dungeon Overview and Level Annotations

Branches:
Dungeon (4/15)
 Temple: D:4-7

Altars:
Ru

Shops:
D:3 (?

Annotations:
D:1 1 transporter


Innate Abilities, Weirdness & Mutations

You have a pair of horns on your head.
You reflexively headbutt those who attack you in melee.


Message History

The bullfrog hits you.
There is a stone staircase leading up, spattered with blood here.
You closely miss the goblin. You headbutt the goblin.
You kill the goblin!
Trog accepts your kill.
You closely miss the bullfrog. The bullfrog misses you.
You furiously retaliate!
You headbutt the bullfrog.
The gnoll hits you from afar with a +0 spear.
The gnoll barely misses you. The adder closely misses you.
You furiously retaliate!
You headbutt the adder! The bullfrog closely misses you.
You barely miss the bullfrog.
The bullfrog is moderately wounded.
You hit the adder.
You kill the adder!
Trog accepts your kill.
The gnoll hits you from afar with a +0 spear.
The gnoll barely misses you. The bullfrog hits you.
You slash the bullfrog! Your headbutt misses the bullfrog.
The bullfrog is almost dead.
The bullfrog hits you.
The gnoll hits you from afar with a +0 spear.
The gnoll barely misses you. The gnoll closely misses you.
The bullfrog closely misses you. The gnoll barely misses you.
The gnoll hits you from afar with a +0 spear.
The gnoll hits you from afar with a +0 halberd!
The hound bites you but does no damage.
You slash the bullfrog!
You kill the bullfrog!
Trog accepts your kill.
You hit the hound but do no damage. The hound completely misses you.
The gnoll hits you from afar with a +0 halberd!
* * * LOW HITPOINT WARNING * * *
The gnoll closely misses you. The gnoll barely misses you.
The hound bites you but does no damage.
The gnoll hits you from afar with a +0 halberd.
* * * LOW HITPOINT WARNING * * *
The gnoll hits you but does no damage.
The gnoll hits you from afar with a +0 halberd!
You die...

#.#.##...
#.#.#...
#.#....#
#.#.... ##.....
####.....#
......†.†#.#
.......@)..#
......)h.g.....
.....g.##g.#...
....... #... .
....... ...#
.........## ..#
## .........#
...
###............
... .....#.
..P.P


You could see a hound and 3 gnolls.

Vanquished Creatures
  A bullfrog (D:4)
  A hound (D:3)
  3 gnolls
  3 adders
  A worm (D:3)
  A dart slug (D:1)
  4 orcs (D:3)
  7 ball pythons
  7 bats
  5 endoplasms
  3 goblins
  5 hobgoblins
  5 quokkas
  4 frilled lizards
  5 kobolds
  2 rats
57 creatures vanquished.

Notes
Turn   | Place    | Note
-------+----------+-------------------------------------------
     0 | D:1      | duskshroud the Minotaur Berserker began the quest for the
                  | Orb.
     0 | D:1      | Reached XP level 1. HP: 19/19 MP: 0/0
   242 | D:1      | Reached skill level 4 in Axes
   296 | D:1      | Reached XP level 2. HP: 24/27 MP: 1/1
   662 | D:2      | Reached XP level 3. HP: 32/33 MP: 2/2
   682 | D:2      | Found a sacrificial altar of Ru.
   865 | D:2      | Reached ** piety under Trog
  1052 | D:3      | Reached skill level 5 in Axes
  1106 | D:3      | Found Neucso's Weapon Boutique.
  1283 | D:3      | Found Moewyun's Magic Scroll Shoppe.
  1286 | D:3      | Reached XP level 4. HP: 41/41 MP: 3/3
  1294 | D:3      | Bought a scroll of teleportation for 36 gold pieces
  1294 | D:3      | Bought a scroll of teleportation for 36 gold pieces
  1466 | D:4      | Noticed a bullfrog
  1496 | D:3      | Reached skill level 5 in Fighting
  1572 | D:3      | Reached skill level 6 in Axes
  1573 | D:3      | Reached XP level 5. HP: 25/48 MP: 4/4
  1688 | D:4      | Slain by a gnoll

Illustrated notes

Levels and vault maps discovered:
D:1:      spicycebolla_arrival_risky_transporter, layout_basic
D:2:      layout_basic, basic_altar, minmay_surrounded
D:3:      layout_rooms, serial_shops, shop, nicolae_lakefront_shop,
          wander_ebering_terrifying_dragon_lair
D:4:      layout_rooms, kennysheep_mini, nicolae_qazlal_general_emergency,
          dreamdust_gnoll_farm

Skill      XL: |  1  2  3  4 |
---------------+-------------+-----
Axes           | 4 5 6 |  6.5
Fighting       | 4 5 |  5.3
Armour         | |  2.4
Dodging        | |  2.1

Action                     |  1- 3 |  4- 6 || total
---------------------------+-------+-------++-------
  Melee: Hand axe          |    75 |       ||    75
         Headbutt          |    16 |     3 ||    19
         War axe           |     5 |    20 ||    25
 Invoke: Berserk           |     1 |     1 ||     2
 Armour: Ring mail         |    26 |    10 ||    36
         Animal skin       |     1 |       ||     1
  Dodge: Dodged            |    58 |    29 ||    87

Table legend: (Time is in decaauts)
 A = Elapsed time spent in this place.
 B = Non-inter-level travel time spent in this place.
 C = Inter-level travel time spent in this place.
 D = Time resting spent in this place.
 E = Time spent auto-exploring this place.
 F = Levels seen in this place.
 G = Mean time per level.
                   A        B        C        D        E       F      G
               +--------+--------+--------+--------+--------+-----+--------+
         Total |   1721 |   1684 |     37 |    218 |   1147 |   4 |  430.2 |
       Dungeon |   1721 |   1684 |     37 |    218 |   1147 |   4 |  430.2 |
               +--------+--------+--------+--------+--------+-----+--------+

Top non-repeatable levels by time:
     D:3: 672 daAuts
     D:1: 587 daAuts
     D:2: 440 daAuts
     D:4: 22 daAuts
